 Dungeon Crawl Stone Soup version 0.27-a0-1060-gcb85b5eba1 (webtiles) character file.

Game seed: 16239263265725428415

90 spiderkeys the Skirmisher (level 4, -9/35 HPs)
             Began as a Demonspawn Abyssal Knight on Apr 21, 2021.
             Was a Follower of Lugonu.
             Mangled by a gnoll
             ... wielding a +0 flail
              (10 damage)
             ... on level 2 of the Dungeon.
             The game lasted 00:02:02 (1411 turns).

spiderkeys the Skirmisher (DsAK)                    Turns: 1411, Time: 00:02:02

Health: -9/35      AC:  4    Str: 13    XL:     4   Next: 32%
Magic:  6/6        EV: 11    Int: 17    God:    Lugonu [*.....]
Gold:   46         SH:  0    Dex: 12    Spells: 3/3 levels left

rFire    x . .     SeeInvis +   c - +4 trident of the Glimmering Oracle {venom, rF- rN+ Int+3 SInv}
rCold    . . .     Faith    .   (no shield)
rNeg     + . .     Spirit   .   b - +0 leather armour
rPois    .         Reflect  .   (no helmet)
rElec    .         Harm     .   (no cloak)
rCorr    .         Rampage  .   (no gloves)
Will     .....                  l - +0 pair of boots
Stlth    +.........             (no amulet)
HPRegen  0.11/turn              (no ring)
MPRegen  0.10/turn              (no ring)

@: attractive
A: foul stench 1, demonic magic 1
a: Renounce Religion, Depart the Abyss


You were on level 2 of the Dungeon.
You worshipped Lugonu.
Lugonu was aware of your devotion.
You visited 1 branch of the dungeon, and saw 2 of its levels.
You visited the Abyss 1 time.

You collected 46 gold pieces.


Innate Abilities, Weirdness & Mutations

You may rarely emit foul miasma when damaged in melee.
Spells you cast may paralyse adjacent enemies.


   Skills:
 + Level 3.5 Fighting
 + Level 3.2 Polearms
 + Level 1.8 Armour
 - Level 1.0 Dodging
 + Level 0.3 Stealth
 + Level 3.4 Invocations


You had 3 spell levels left.
You didn't know any spells.
Your spell library contained the following spells:

 Spells                   Type           Power      Damage    Failure   Level
 Animate Skeleton         Necr           0%         N/A       30%         1
 Pain                     Necr           0%         1d4       30%         1
 Vampiric Draining        Necr           0%         2d6       65%         3
 Animate Dead             Necr           0%         N/A       96%         4
 Agony                    Necr           0%         N/A       100%        5

Inventory:

Hand Weapons
 a - a +1 spear
 c - the +4 trident of the Glimmering Oracle (weapon) {venom, rF- rN+ Int+3 SInv}
   (You found it on level 2 of the Abyss)

   It poisons the flesh of those it strikes.
   It affects your intelligence (+3).
   It makes you vulnerable to fire.
   It protects you from negative energy.
   It lets you see invisible.
Missiles
 h - 12 stones
 k - 18 arrows
Armour
 b - a +0 leather armour (worn)
 l - a +0 pair of boots (worn)
   (You found it on level 1 of the Dungeon)
Wands
 o - a wand of flame (3)
   (You took it off Jessica on level 2 of the Dungeon)
Scrolls
 d - a scroll of magic mapping {unknown}
 g - 2 scrolls of teleportation {unknown}
 j - a scroll of blinking {unknown}
 n - a scroll of identify {unknown}
Potions
 e - a potion of attraction {!q}
 f - a potion of haste {unknown}
 i - 2 potions of heal wounds {unknown}
 m - 2 potions of mutation {unknown}

Dungeon Overview and Level Annotations

Branches:
Dungeon (2/15)

Altars:

........# ........#
###########
........############..........
..............................
..........##########..........
..†.....#.# #..........
........#.# #..[.......
........#.# ########..........
..........# #...@gg..)..####
........### #.#########.#
#####.### #.# #####.# #.#
....#.## ... .......## ##g..
........# #.... ........#.#.#
###### ..........#.#


You could see 2 gnolls.


Message History

A ball python comes into view.
A ball python is nearby!
A ball python is nearby!
Jessica the Apprentice Sorceress comes into view.
She is wielding a +0 dagger and carrying a wand of flame (4).
The ball python hisses angrily.
A rat comes into view.
Jessica zaps a wand.
The puff of flame misses you.
You puncture the ball python!
You kill the ball python!
Lugonu accepts your kill.
You reach to attack!
You hit the rat but do no damage.
The rat is poisoned.
You barely miss the rat.
You kill the rat!
Lugonu accepts your kill.
Jessica gestures wildly while chanting.
Jessica seems to speed up.
You reach to attack!
You hit Jessica.
Jessica gestures wildly while chanting.
Jessica blinks!
You puncture Jessica!
You kill Jessica!
Lugonu accepts your kill.
Your Invocations skill increases to level 3!
You have reached level 4!
You feel clever.
Your demonic ancestry asserts itself...
You begin to emit a foul stench of rot and decay. 😎 HP[+6]
You now have 35 max hp (+6).
Your hp is fully restored (35).
o - a wand of flame (3)
Things that are here:
a +0 dagger; a +0 robe; the human corpse of Jessica 😎 MP[+2]
Your mp is fully restored (6).
Key pressed, stopping explore. 2 gnolls come into view.
The gnoll shouts!
A gnoll comes into view. It is wielding a +0 halberd.
The gnoll shouts!
You hear a shout!
A gnoll comes into view. It is wielding a +0 flail.
The gnoll shouts!
The gnoll barely misses you.
The gnoll moves out of view.
You hit the gnoll. The gnoll hits you but does no damage.
The gnoll barely misses you. The gnoll hits you but does no damage.
You puncture the gnoll!
The gnoll is poisoned.
The gnoll hits you from afar with a +0 halberd!
The gnoll hits you from afar with a +0 spear.
The gnoll hits you with a +0 club.
The gnoll hits you from afar with a +0 halberd! 😮 HP[-16]
You take 16 damage, and now have 19/35 hp.
MASSIVE DAMAGE!! (PAUSE) 😮 HP[+1]
You kill the gnoll!
Lugonu accepts your kill.
Your Polearms skill increases to level 3!
Reach: c) +4 trident of the Glimmering Oracle {venom, rF- rN+ Int+3 SInv}
Press: ? - help, Dir - move target, f - gnoll
Aim: a gnoll, wielding a +0 halberd (about 34% to evade the +4 trident of the Glimmering Oracle)
You reach to attack!
You closely miss the gnoll.
The gnoll barely misses you. 😮 HP[+1] Reach: c) +4 trident of the Glimmering Oracle {venom, rF- rN+ Int+3 SInv}
Press: ? - help, Dir - move target, f/p - gnoll
Aim: a gnoll, wielding a +0 halberd (about 34% to evade the +4 trident of the Glimmering Oracle)
You reach to attack!
You puncture the gnoll!
The gnoll is poisoned.
The gnoll hits you from afar with a +0 halberd.
* * * LOW HITPOINT WARNING * * *
😨 HP[-4]
You take 4 damage, and now have 17/35 hp.
Reach: c) +4 trident of the Glimmering Oracle {venom, rF- rN+ Int+3 SInv}
Press: ? - help, Dir - move target, f/p - gnoll
Aim: a gnoll, wielding a +0 halberd (heavily wounded, very poisoned, about 34% to evade the +4 trident of the Glimmering Oracle)
You reach to attack!
You puncture the gnoll!
You kill the gnoll!
Lugonu accepts your kill.
Reach: c) +4 trident of the Glimmering Oracle {venom, rF- rN+ Int+3 SInv}
Press: ? - help, Dir - move target, f - gnoll
Aim: a gnoll, wielding a +0 flail (about 34% to evade the +4 trident of the Glimmering Oracle)
You reach to attack!
You puncture the gnoll!
Reach: c) +4 trident of the Glimmering Oracle {venom, rF- rN+ Int+3 SInv}
Press: ? - help, Dir - move target, f/p - gnoll
Aim: a gnoll, wielding a +0 flail (heavily wounded, about 34% to evade the +4 trident of the Glimmering Oracle)
You closely miss the gnoll. The gnoll barely misses you.
The gnoll hits you from afar with a +0 spear!
* * * LOW HITPOINT WARNING * * *
😨 HP[-7]
You take 7 damage, and now have 10/35 hp.
You closely miss the gnoll. The gnoll hits you with a +0 flail.
* * * LOW HITPOINT WARNING * * *
The gnoll hits you from afar with a +0 spear.
* * * LOW HITPOINT WARNING * * *
The gnoll hits you with a +0 flail.
* * * LOW HITPOINT WARNING * * *
😱 HP[-9]
You take 9 damage, and now have 1/35 hp.
MASSIVE DAMAGE!! (PAUSE) It was a potion of attraction.
You feel attractive to monsters. The gnoll barely misses you.
The gnoll hits you with a +0 flail!
You die...

Skill      XL: |  1  2  3  4 |
---------------+-------------+-----
Dodging        | 1 |  1.0
Polearms       | 2 3 |  3.2
Invocations    | 3 |  3.4
Fighting       | |  3.5
Armour         | |  1.8
Stealth        | |  0.3

Action                   |  1- 3 |  4- 6 || total
-------------------------+-------+-------++-------
Melee: Trident           |    65 |     8 ||    73
Invok: Depart the Abyss  |     1 |       ||     1
  Use: Potion            |       |     1 ||     1
 Stab: Sleeping          |     2 |       ||     2
Armor: Leather armour    |    14 |     2 ||    16
Dodge: Dodged            |    25 |     5 ||    30

Levels and vault maps discovered:
D:1:      eino_arrival_water_star, layout_basic, serial_aquarium,
          aquarium_bridge_long_joined [aquarium_subvault_wall,
          aquarium_subvault_bridge, aquarium_subvault_bridge,
          aquarium_subvault_wall, aquarium_subvault_window,
          aquarium_subvault_window], aquarium_window_corridor_2,
          aquarium_window_fake, aquarium_window_corner, aquarium_window_1,
          aquarium_view_2d, aquarium_balcony_double_3, aquarium_pool_2
D:2:      layout_basic, uniq_jessica

Notes
Turn   | Place    | Note
-------+----------+-------------------------------------------
     0 | Abyss:1  | spiderkeys the Demonspawn Abyssal Knight began the quest
                  | for the Orb.
     0 | Abyss:1  | Reached XP level 1. HP: 18/18 MP: 2/2
     0 | Abyss:1  | magus.rc [v1.9.10]
    88 | Abyss:2  | Identified the +4 trident of the Glimmering Oracle {venom,
                  | rF- rN+ Int+3 SInv}
    88 | Abyss:2  | Noticed an iron imp
    95 | Abyss:2  | Noticed a flying skull
    95 | Abyss:2  | Noticed a flying skull
    95 | Abyss:2  | Noticed a flying skull
    95 | D:1      | You pass through the gate.
    95 | D:1      | Escaped the Abyss
   128 | D:1      | Reached skill level 1 in Dodging
   364 | D:1      | Gained mutation: Spells you cast may paralyse adjacent
                  | enemies. [demonic ancestry]
   364 | D:1      | Reached XP level 2. HP: 24/24 MP: 3/3
   638 | D:1      | Reached * piety under Lugonu
   639 | D:1      | Reached skill level 2 in Polearms
   842 | D:1      | Reached XP level 3. HP: 22/29 MP: 4/4
  1230 | D:2      | You pick up a book of Necromancy and begin reading...
  1230 | D:2      | You add the spells Pain, Animate Skeleton, Vampiric
                  | Draining, Animate Dead and Agony to your library.
  1329 | D:2      | Noticed Jessica
  1344 | D:2      | Killed Jessica
  1345 | D:2      | Reached skill level 3 in Invocations
  1345 | D:2      | Gained mutation: You may rarely emit foul miasma when
                  | damaged in melee. [demonic ancestry]
  1345 | D:2      | Reached XP level 4. HP: 35/35 MP: 4/6
  1402 | D:2      | Reached skill level 3 in Polearms
  1410 | D:2      | HP: 8/35 [gnoll/+0 flail (2)]
  1410 | D:2      | HP: 1/35 [gnoll/+0 flail (6)]
  1411 | D:2      | Mangled by a gnoll

Vanquished Creatures
  Jessica (D:2)
  2 gnolls (D:2)
  An adder (D:2)
  3 bats (D:1)
  2 endoplasms (D:1)
  2 giant cockroaches (D:1)
  A goblin (D:1)
  4 hobgoblins
  3 jackals (D:1)
  A quokka (D:1)
  3 ball pythons
  3 frilled lizards (D:1)
  4 kobolds (D:1)
  4 rats
34 creatures vanquished.

Table legend:
 A = Non-vault XP
 B = Vault XP
 C = Vault XP percentage of total XP
 D = Non-vault monster count
 E = Vault monster count
 F = Vault count percentage of total count
                 A         B        C        D         E       F
            +---------+---------+-------+---------+---------+-------
      Total |      92 |      37 |  28.7 |      33 |       1 |   2.9
            +---------+---------+-------+---------+---------+-------
        D:1 |      44 |       0 |   0.0 |      26 |       0 |   0.0
        D:2 |      48 |      37 |  43.5 |       7 |       1 |  12.5
            +---------+---------+-------+---------+---------+-------

Illustrated notes

Table legend:
 A = Kills in this place as a percentage of kills in entire the game.
 B = Kills by you in this place as a percentage of kills by you in the entire game.
 C = Kills by friends in this place as a percentage of kills by friends in the entire game.
 D = Other kills in this place as a percentage of other kills in the entire game.
 E = Experience gained in this place as a percentage of experience gained in the entire game.
 F = Experience gained in this place divided by the number of levels of this place that you have seen.
                   A       B       C       D       E      F
               +-------+-------+-------+-------+-------+----------------------
         Total | 100.0 | 100.0 |   N/A |   N/A | 100.0 |  32.2
       Dungeon | 100.0 | 100.0 |   N/A |   N/A | 100.0 |  64.5
               +-------+-------+-------+-------+-------+----------------------

Table legend: (Time is in decaauts)
 A = Elapsed time spent in this place.
 B = Non-inter-level travel time spent in this place.
 C = Inter-level travel time spent in this place.
 D = Time resting spent in this place.
 E = Time spent auto-exploring this place.
 F = Levels seen in this place.
 G = Mean time per level.
                   A        B        C        D        E       F      G
               +--------+--------+--------+--------+--------+-----+--------+
         Total |   1424 |   1416 |      8 |      0 |   1197 |   4 |  356.0 |
       Dungeon |   1328 |   1320 |      8 |      0 |   1130 |   2 |  664.0 |
         Abyss |     95 |     95 |      0 |      0 |     66 |   2 |   47.5 |
               +--------+--------+--------+--------+--------+-----+--------+

Top non-repeatable levels by time:
     D:1: 904 daAuts
     D:2: 424 daAuts
 Abyss:1: 80 daAuts
 Abyss:2: 14 daAuts
